BSA
EL DORADO OILERS @ NEW ORLEANS LOOTERS
04/22/2027
 
TOP OF THE 1ST
Birmingham Steeldogs batting - Pitching for New Orleans Looters : RHP Edward Baker
Pitching: RHP Edward Baker
Batting: RHB Nick Webb 0-0: SINGLE (Groundball, 34S) (infield hit)
Batting: LHB Ashley Pickhills 0-0: Ball
1-0: Ball
2-0: Grounds into double play, 4-6-3 (Groundball, 4)
Batting: RHB Carlos García 0-0: Called Strike
0-1: Foul Ball, location: 2F
0-2: Strikes out swinging
Top of the 1st over - 0 run(s), 1 hit(s), 0 error(s), 0 left on base; Birmingham 0 - New Orleans 0
BOTTOM OF THE 1ST
New Orleans Looters batting - Pitching for Birmingham Steeldogs : RHP Barton Johnson
Pitching: RHP Barton Johnson
Batting: RHB Francisco Ibarra 0-0: Called Strike
0-1: Foul Ball, location: 2F
0-2: Ball
1-2: Ball
2-2: Ball
3-2: Foul Ball, location: 2F
3-2: Ground out 4-3 (Groundball, 4)
Batting: RHB Stephen Shaw 0-0: Ball
1-0: Foul Ball, location: 2F
1-1: Fly out, F9 (Flyball, 89S)
Batting: LHB Seung-chun Mun 0-0: Ball
1-0: Ground out 4-3 (Groundball, 34)
Bottom of the 1st over - 0 run(s), 0 hit(s), 0 error(s), 0 left on base; Birmingham 0 - New Orleans 0
TOP OF THE 2ND
Birmingham Steeldogs batting - Pitching for New Orleans Looters : RHP Edward Baker
Batting: RHB Valentín Borges 0-0: Foul Ball, location: 2F
0-1: SINGLE (Line Drive, 8LS)
Batting: LHB José Hernández 0-0: Foul Ball, location: 2F
0-1: Ball
1-1: Ball
2-1: Grounds into double play, 4-6-3 (Groundball, 4)
Batting: RHB Sixto Vélez 0-0: Ball
1-0: Called Strike
1-1: Ball
2-1: Foul Ball, location: 2F
2-2: Strikes out swinging
Top of the 2nd over - 0 run(s), 1 hit(s), 0 error(s), 0 left on base; Birmingham 0 - New Orleans 0
BOTTOM OF THE 2ND
New Orleans Looters batting - Pitching for Birmingham Steeldogs : RHP Barton Johnson
Batting: LHB Luis Sánchez 0-0: Ball
1-0: Foul Ball, location: 2F
1-1: Foul Ball, location: 2F
1-2: SINGLE (Flyball, 9S)
Batting: SHB Oliver Deleón 0-0: Called Strike
0-1: Swinging Strike
0-2: Strikes out swinging
Batting: RHB Dave O'Loan 0-0: Foul Ball, location: 2F
0-1: Ball
Wild Pitch!
Luis Sánchez to second
1-1: Fly out, F7 (Flyball, 7LM)
Batting: RHB Rubén Vázquez 0-0: Called Strike
0-1: Swinging Strike
0-2: Ball
1-2: Fly out, F4 (Popup, 4D)
Bottom of the 2nd over - 0 run(s), 1 hit(s), 0 error(s), 1 left on base; Birmingham 0 - New Orleans 0
TOP OF THE 3RD
Birmingham Steeldogs batting - Pitching for New Orleans Looters : RHP Edward Baker
Batting: LHB José Martínez 0-0: Ball
1-0: Ground out 3-1 (Groundball, 34)
Batting: LHB José Rivera 0-0: Ground out 4-3 (Groundball, 4)
Batting: LHB John Haney 0-0: Ball
1-0: Ball
2-0: Ball
3-0: Called Strike
3-1: Base on Balls
Batting: RHB Nick Webb 0-0: Ball
John Haney steals 2nd base
1-0: Ball
2-0: Ground out 5-3 (Groundball, 56)
Top of the 3rd over - 0 run(s), 0 hit(s), 0 error(s), 1 left on base; Birmingham 0 - New Orleans 0
BOTTOM OF THE 3RD
New Orleans Looters batting - Pitching for Birmingham Steeldogs : RHP Barton Johnson
Batting: RHB Rich Ruffin 0-0: Foul Ball, location: 2F
0-1: Fly out, F3 (Line Drive, 3L)
Batting: RHB John Anderson 0-0: Ball
1-0: Ball
2-0: Ball
3-0: Foul Ball, location: 2F
3-1: Swinging Strike
3-2: SINGLE (Groundball, 4D)
Batting: RHB Francisco Ibarra 0-0: Called Strike
0-1: Ball
1-1: Called Strike
1-2: Grounds into double play, 4-6-3 (Groundball, 4)
Bottom of the 3rd over - 0 run(s), 1 hit(s), 0 error(s), 0 left on base; Birmingham 0 - New Orleans 0
TOP OF THE 4TH
Birmingham Steeldogs batting - Pitching for New Orleans Looters : RHP Edward Baker
Batting: LHB Ashley Pickhills 0-0: Ball
1-0: Ball
2-0: Fly out, F8 (Flyball, 8LS)
Batting: RHB Carlos García 0-0: Ground out 5-3 (Groundball, 56)
Batting: RHB Valentín Borges 0-0: Ball
1-0: Ball
2-0: Foul Ball, location: 2F
2-1: Called Strike
2-2: Foul Ball, location: 2F
2-2: Ground out 6-3 (Groundball, 6)
Top of the 4th over - 0 run(s), 0 hit(s), 0 error(s), 0 left on base; Birmingham 0 - New Orleans 0
BOTTOM OF THE 4TH
New Orleans Looters batting - Pitching for Birmingham Steeldogs : RHP Barton Johnson
Batting: RHB Stephen Shaw 0-0: Foul Ball, location: 2F
0-1: Ball
1-1: Foul Ball, location: 2F
1-2: Ball
2-2: Fly out, F8 (Flyball, 78D)
Batting: LHB Seung-chun Mun 0-0: Swinging Strike
0-1: Foul Ball, location: 2F
0-2: Ball
1-2: Strikes out swinging
Batting: LHB Luis Sánchez 0-0: Foul Ball, location: 2F
0-1: Foul Ball, location: 2F
0-2: Strikes out swinging
Bottom of the 4th over - 0 run(s), 0 hit(s), 0 error(s), 0 left on base; Birmingham 0 - New Orleans 0
TOP OF THE 5TH
Birmingham Steeldogs batting - Pitching for New Orleans Looters : RHP Edward Baker
Batting: LHB José Hernández 0-0: Called Strike
0-1: SINGLE (Flyball, 6MD)
Batting: RHB Sixto Vélez 0-0: Foul Ball, location: 2F
0-1: Ball
1-1: Swinging Strike
1-2: Ball
2-2: Foul Ball, location: 2F
2-2: Foul Ball, location: 2F
2-2: Strikes out swinging
Batting: LHB José Martínez 0-0: Foul Ball, location: 2F
0-1: Foul Ball, location: 2F
0-2: Strikes out looking
Batting: LHB José Rivera 0-0: Foul Ball, location: 2F
0-1: Hit by Pitch
José Hernández to second
Batting: LHB John Haney 0-0: Called Strike
0-1: Swinging Strike
0-2: Ball
1-2: Fielders Choice at 2nd, 6-4 (Groundball, 6)
Top of the 5th over - 0 run(s), 1 hit(s), 0 error(s), 1 left on base; Birmingham 0 - New Orleans 0
BOTTOM OF THE 5TH
New Orleans Looters batting - Pitching for Birmingham Steeldogs : RHP Barton Johnson
Batting: SHB Oliver Deleón 0-0: Ground out U3 (Groundball, 34)
Batting: RHB Dave O'Loan 0-0: Called Strike
0-1: Ball
1-1: Foul Ball, location: 2F
1-2: Ground out 5-3 (Groundball, 56S)
Batting: RHB Rubén Vázquez 0-0: Ball
1-0: Foul Ball, location: 2F
1-1: Ground out 6-3 (Groundball, 6)
Bottom of the 5th over - 0 run(s), 0 hit(s), 0 error(s), 0 left on base; Birmingham 0 - New Orleans 0
TOP OF THE 6TH
Birmingham Steeldogs batting - Pitching for New Orleans Looters : RHP Edward Baker
Batting: RHB Nick Webb 0-0: Fly out, F9 (Flyball, 9S)
Batting: LHB Ashley Pickhills 0-0: Ball
1-0: Fly out, F3 (Line Drive, 34)
Batting: RHB Carlos García 0-0: Called Strike
0-1: Ball
1-1: Ball
2-1: Foul Ball, location: 2F
2-2: Ball
3-2: Strikes out swinging
Top of the 6th over - 0 run(s), 0 hit(s), 0 error(s), 0 left on base; Birmingham 0 - New Orleans 0
BOTTOM OF THE 6TH
New Orleans Looters batting - Pitching for Birmingham Steeldogs : RHP Barton Johnson
Batting: RHB Rich Ruffin 0-0: Called Strike
0-1: Called Strike
0-2: Fly out, F8 (Flyball, 8RS)
Batting: RHB John Anderson 0-0: Swinging Strike
0-1: Foul Ball, location: 2F
0-2: Ball
1-2: Foul Ball, location: 2F
1-2: Strikes out looking
Batting: RHB Francisco Ibarra 0-0: Foul Ball, location: 2F
0-1: Swinging Strike
0-2: Ball
1-2: Fly out, F9 (Line Drive, 89M)
Bottom of the 6th over - 0 run(s), 0 hit(s), 0 error(s), 0 left on base; Birmingham 0 - New Orleans 0
TOP OF THE 7TH
Birmingham Steeldogs batting - Pitching for New Orleans Looters : RHP Edward Baker
Batting: RHB Valentín Borges 0-0: Called Strike
0-1: Ball
1-1: DOUBLE (Line Drive, 89D)
Batting: LHB José Hernández 0-0: Intentional Walk
Batting: RHB Sixto Vélez 0-0: Bunted foul
0-1: Ball
1-1: Ball
2-1: Sac Bunt - play at first, batter OUT! 5-4
Valentín Borges to third
José Hernández to second
Batting: LHB José Martínez 0-0: Called Strike
0-1: Swinging Strike
0-2: Ball
1-2: Ball
2-2: Strikes out swinging
Batting: LHB José Rivera 0-0: Called Strike
0-1: Called Strike
0-2: Foul Ball, location: 2F
0-2: Ball
1-2: Strikes out swinging
Top of the 7th over - 0 run(s), 1 hit(s), 0 error(s), 2 left on base; Birmingham 0 - New Orleans 0
BOTTOM OF THE 7TH
New Orleans Looters batting - Pitching for Birmingham Steeldogs : RHP Barton Johnson
Batting: RHB Stephen Shaw 0-0: Ball
1-0: Called Strike
1-1: Ball
2-1: Swinging Strike
2-2: Strikes out swinging
Batting: LHB Seung-chun Mun 0-0: Ball
1-0: SINGLE (Groundball, 4MD)
Batting: LHB Luis Sánchez 0-0: Ball
1-0: Foul Ball, location: 2F
1-1: Called Strike
1-2: Foul Ball, location: 2F
1-2: Foul Ball, location: 2F
1-2: SINGLE (Groundball, 34D)
Seung-chun Mun to second
Runner from 2nd tries for 3rd, SAFE, throw made to third
Batting: SHB Oliver Deleón 0-0: Ball
1-0: Ball
2-0: Ball
3-0: Foul Ball, location: 2F
3-1: Foul Ball, location: 2F
3-2: Strikes out looking
Luis Sánchez steals 2nd base
Batter strikes out.
Batting: RHB Dave O'Loan 0-0: Ball
1-0: Ball
2-0: Ball
3-0: Called Strike
3-1: Foul Ball, location: 2F
3-2: Foul Ball, location: 2F
3-2: DOUBLE (Groundball, 5L)
Seung-chun Mun scores
Luis Sánchez scores
Pitching: RHP Ken Lyons
Batting: RHB Rubén Vázquez 0-0: Swinging Strike
0-1: Ball
1-1: Ball
2-1: Foul Ball, location: 2F
2-2: SINGLE (Groundball, 6MD)
Dave O'Loan to third
Runner from 3rd tries for Home, SAFE, no throw
Batting: RHB Rich Ruffin 0-0: Called Strike
0-1: Fly out, F8 (Flyball, 8RS)
Bottom of the 7th over - 3 run(s), 4 hit(s), 0 error(s), 1 left on base; Birmingham 0 - New Orleans 3
TOP OF THE 8TH
Birmingham Steeldogs batting - Pitching for New Orleans Looters : RHP Edward Baker
Batting: LHB John Haney 0-0: Swinging Strike
0-1: Swinging Strike
0-2: Ball
1-2: Fly out, F9 (Flyball, 9S)
Batting: RHB Nick Webb 0-0: Foul Ball, location: 2F
0-1: Swinging Strike
0-2: Ball
1-2: Ball
2-2: Ball
3-2: Strikes out looking
Batting: LHB Ashley Pickhills 0-0: Ball
1-0: Called Strike
1-1: Foul Ball, location: 2F
1-2: Foul Ball, location: 2F
1-2: Foul Ball, location: 2F
1-2: Ground out U3 (Groundball, 3)
Top of the 8th over - 0 run(s), 0 hit(s), 0 error(s), 0 left on base; Birmingham 0 - New Orleans 3
BOTTOM OF THE 8TH
New Orleans Looters batting - Pitching for Birmingham Steeldogs : RHP Ken Lyons
Batting: RHB John Anderson 0-0: Ground out 3-1 (Groundball, 34S)
Batting: RHB Francisco Ibarra 0-0: Ball
1-0: Swinging Strike
1-1: Ball
2-1: Ball
3-1: Base on Balls
Batting: RHB Stephen Shaw 0-0: Ball
1-0: Ball
2-0: Ball
3-0: Called Strike
3-1: Base on Balls
Francisco Ibarra to second
Batting: LHB Seung-chun Mun 0-0: Ball
1-0: Ball
2-0: Ball
3-0: Called Strike
3-1: Foul Ball, location: 2F
3-2: Ground out 3-1 (Groundball, 34)
Francisco Ibarra to third
Stephen Shaw to second
Batting: LHB Luis Sánchez 0-0: Ball
1-0: Called Strike
1-1: Ball
2-1: Swinging Strike
2-2: Foul Ball, location: 2F
2-2: Ball
3-2: Base on Balls
Batting: SHB Oliver Deleón 0-0: SINGLE (Groundball, 56D)
Francisco Ibarra scores
Stephen Shaw to third
Luis Sánchez to second
Runner from 3rd tries for Home, SAFE, no throw
Pitching: RHP Michel Dallaire
Batting: RHB Dave O'Loan 0-0: Ball
1-0: Ball
2-0: Ground out 1-3 (Groundball, 13)
Bottom of the 8th over - 2 run(s), 1 hit(s), 0 error(s), 2 left on base; Birmingham 0 - New Orleans 5
TOP OF THE 9TH
Birmingham Steeldogs batting - Pitching for New Orleans Looters : RHP Edward Baker
Batting: RHB Carlos García 0-0: Ball
1-0: Ground out U3 (Groundball, 34S)
Batting: RHB Valentín Borges 0-0: Ball
1-0: Ball
2-0: Ball
3-0: Called Strike
3-1: Base on Balls
Pitching: RHP Ienobu Sato
Batting: LHB José Hernández 0-0: Ball
1-0: Called Strike
1-1: Foul Ball, location: 2F
1-2: Ball
2-2: Fly out, F3 (Popup, 3L)
Batting: RHB Sixto Vélez 0-0: Swinging Strike
0-1: Foul Ball, location: 2F
0-2: Fly out, F7 (Line Drive, 7D)
Top of the 9th over - 0 run(s), 0 hit(s), 0 error(s), 1 left on base; Birmingham 0 - New Orleans 5
Thursday, March 30th, 2017 - OOTP Baseball 17.12 Build 75